Construct Section Command Post
Construct Platoon Command Post
Construct Field Infirmary
Selects Heavy Armor Battlegroup
Selects Rigorous Vehicle Training
6-pounder Anti-tank Gun Team
Construct Company Command Post
6-pounder Anti-tank Gun Team
Selects Crusader AA Medium Tank
Unlock M3 Grant Medium Tanks
Selects Churchill Black Prince Heavy Tank
Churchill Black Prince Heavy Tank
Selects Light Vehicle Withdraw and Refit